 Dungeon Crawl Stone Soup version 0.22.1-1-ga44c0e5 (webtiles) character file.

180 Folque the Bolt Thrower (level 5, -8/32 HPs)
             Began as a Kobold Hunter on Oct 13, 2018.
             Killed by divine providence
             ... invoked by an orc priest
              (17 damage)
             ... on level 3 of the Dungeon.
             The game lasted 00:07:13 (2353 turns).

Folque the Bolt Thrower (Kobold Hunter)             Turns: 2353, Time: 00:07:14

Health: -8/32      AC:  5    Str:  9    XL:     5   Next: 91%
Magic:  5/5        EV: 13    Int: 13    God:
Gold:   168        SH:  0    Dex: 16    Spells: 4/4 levels left

rFire    . . .     SeeInvis .   e - +0 short sword
rCold    . . .     Gourm    .   (shield restricted)
rNeg     . . .     Faith    .   c - +0 leather armour
rPois    +         Spirit   .   (no helmet)
rElec    .         Reflect  .   o - +1 cloak {rPois}
rCorr    .         Harm     .   (no gloves)
MR       .....                  (no boots)
Stlth    ++........             (no amulet)
HPRegen  0.10/turn              (no ring)
MPRegen  0.09/turn              (no ring)

@: heavily drained
A: small, carnivore
a: no special abilities


You were on level 3 of the Dungeon.
You were completely stuffed.

You visited 1 branch of the dungeon, and saw 3 of its levels.

You collected 168 gold pieces.

Inventory:

Hand Weapons
 e - a +0 short sword (weapon)
 i - a cursed -1 whip
 w - a +1 hand crossbow
Missiles
 d - 25 bolts
Armour
 c - a +0 leather armour (worn)
 o - a +1 cloak of poison resistance (worn)
Jewellery
 a - an uncursed amulet of harm {unknown}
 l - an uncursed ring of poison resistance {unknown}
Scrolls
 n - a scroll of identify
Potions
 g - a potion of degeneration {unknown}
 k - a potion of brilliance {unknown}
 m - a potion of flight {unknown}
Comestibles
 f - 8 rations
 h - 2 chunks of flesh


   Skills:
 + Level 3.5(1.9) Fighting
 * Level 6.6(4.9) Crossbows
 - Level 2.4(0.8) Dodging
 + Level 3.9(2.3) Stealth


You had 4 spell levels left.
You didn't know any spells.
Your spell library was empty.

Dungeon Overview and Level Annotations

Branches:
Dungeon (3/15)

Altars:


Innate Abilities, Weirdness & Mutations

You are small and have problems with some larger weapons.
You are carnivorous and can eat meat at any time.


Message History

* * * LOW HITPOINT WARNING * * *
The goblin shoots a stone.
The stone misses you. The goblin completely misses you. The orc hits you.
* * * LOW HITPOINT WARNING * * *
It was a potion of curing.
You feel better. The goblin hits you but does no damage.
You feel drained. The orc misses you.
Throwing (i - inventory)
j - a throwing net (quivered)
Press: ? - help, Shift-Dir - straight line, f - orc priest, p - orc
Aim: an orc priest, wielding a flail You throw a throwing net.
The throwing net hits the orc priest.
The orc priest is caught in the net!
The orc priest struggles against the net.
The goblin hits you but does no damage.
You feel drained. The orc misses you.
The goblin shoots a stone.
The stone closely misses you.
You hit the orc but do no damage.
The orc is severely wounded.
The orc priest mumbles some strange prayers to Beogh against you.
Beogh smites you!
Ouch! That really hurt!
You die...

## .# #..
.## %. ...
§. ..# # #
.###..#.##
#§
..og.....
#..
#g....#
.... #@#
#...##o#
#......#
#...##.##
### #...#
#...# # #
#...# #.#.
#.>[# #
##.#.###
#..(#


You could see an orc priest (caught), an orc and 2 goblins.

Vanquished Creatures
  A worker ant (D:2)
  7 adders
  3 gnolls (D:2)
  An ooze (D:2)
  2 worms
  2 dart slugs
  5 orcs (D:3)
  3 giant cockroaches (D:1)
  5 goblins
  3 hobgoblins
  3 kobolds
  3 quokkas
  A ball python (D:1)
  3 bats
  3 frilled lizards
  11 rats
56 creatures vanquished.

Vanquished Creatures (others)
  An orc wizard (D:3)
  2 orcs (D:3)
3 creatures vanquished.

Grand Total: 59 creatures vanquished

Notes
Turn   | Place    | Note
-------+----------+-------------------------------------------
     0 | D:1      | Folque the Kobold Hunter began the quest for the Orb.
     0 | D:1      | Reached XP level 1. HP: 12/12 MP: 1/1
   185 | D:1      | Reached skill level 5 in Crossbows
   427 | D:1      | Reached XP level 2. HP: 18/18 MP: 2/2
  1123 | D:2      | Reached XP level 3. HP: 22/22 MP: 3/3
  1372 | D:2      | Reached XP level 4. HP: 20/27 MP: 4/4
  1593 | D:2      | Reached skill level 6 in Crossbows
  1670 | D:2      | Reached XP level 5. HP: 30/32 MP: 5/5
  2353 | D:3      | Killed from afar by an orc priest

Skill      XL: |  1  2  3  4 |
---------------+-------------+-----
Crossbows      | 5 6 |  6.6
Stealth        | 2 3 |  3.9
Fighting       | 3 |  3.5
Dodging        | |  2.4

Action                   |  1- 3 |  4- 6 || total
-------------------------+-------+-------++-------
Melee: Short sword       |    82 |    75 ||   157
 Fire: Hand crossbow     |     8 |    37 ||    45
Throw: Throwing net      |       |     1 ||     1
  Use: Scroll            |     4 |     1 ||     5
       Potion            |       |     1 ||     1
 Stab: Sleeping          |     4 |     1 ||     5
  Eat: Chunk             |    10 |     3 ||    13
Armor: Leather armour    |    14 |    19 ||    33
Dodge: Dodged            |    63 |    76 ||   139
